 Dungeon Crawl Stone Soup version 0.26.1-2-gb8aa6d0cf2 (webtiles) character file.

Game seed: 6541755989965674768

198 sking99 the Sneak (level 5, 0/41 HPs)
             Began as a Vampire Brigand on Feb 20, 2021.
             Slain by an ogre
             ... wielding a +0 giant club
              (10 damage)
             ... on level 4 of the Dungeon.
             The game lasted 00:08:38 (3361 turns).

sking99 the Sneak (Vampire Brigand)                 Turns: 3361, Time: 00:08:38

Health: 0/41       AC:  9    Str: 11    XL:     5   Next: 47%
Magic:  5/5        EV:  9    Int: 13    God:
Gold:   177        SH:  0    Dex: 16    Spells: 4/4 levels left

rFire    . . .     SeeInvis +   a - +2 dagger
rCold    . . .     Faith    .   (no shield)
rNeg     . . .     Spirit   .   n - +0 scale mail
rPois    .         Reflect  .   k - +2 hat
rElec    .         Harm     .   c - +0 cloak
rCorr    .         Rampage  .   (no gloves)
Will     .....                  (no boots)
Stlth    ++........             (no amulet)
HPRegen  0.33/turn              (no ring)
MPRegen  0.09/turn              (no ring)

@: regenerating quickly
A: fangs 3, see invisible, unbreathing
a: Exsanguinate


You were on level 4 of the Dungeon.
You visited 1 branch of the dungeon, and saw 4 of its levels.

You collected 177 gold pieces.

Inventory:

Hand Weapons
 a - a +2 dagger (weapon)
Missiles
 d - 7 poisoned darts (quivered)
 e - 2 curare-tipped darts
Armour
 c - a +0 cloak (worn)
 k - a +2 hat (worn)
 n - a +0 scale mail (worn)
Wands
 b - a wand of iceblast (13)
Scrolls
 f - 2 scrolls of remove curse
 h - 2 scrolls of enchant armour
 j - a scroll of identify
 l - a scroll of amnesia
Potions
 g - 2 potions of curing


   Skills:
 + Level 3.0 Fighting
 * Level 4.7 Short Blades
 + Level 2.6 Throwing
 - Level 1.1 Dodging
 - Level 5.8 Stealth


You had 4 spell levels left.
You didn't know any spells.
Your spell library was empty.

Dungeon Overview and Level Annotations

Branches:
Dungeon (4/15)
 Temple: D:4-7

Altars:

Annotations:
D:4 Pikel


Innate Abilities, Weirdness & Mutations

Your natural rate of healing is unusually fast.
You have razor-sharp teeth.
You have supernaturally acute eyesight. (SInv)
You can survive without breathing.


Message History

There is a stone staircase leading up here.
As you read the scroll labelled LUIXKU YNEUL, it crumbles to dust.
You assume a fearsome visage.
Nothing appears to happen.
It was a scroll of fear.
A lemure and Pikel come into view.
Pikel is wielding a +1 whip of flaming and carrying a wand of iceblast (7).
An ogre comes into view. It is wielding a +0 giant club.
Found 6 gold pieces.
The ogre shouts!
You hear a shout! x3
You hit the ogre but do no damage. The ogre hits you with a +0 giant club!
You hit the ogre.
The ogre is lightly wounded.
You hit the ogre.
The ogre is moderately wounded.
The ogre hits you with a +0 giant club!!
Ouch! That really hurt!
* * * LOW HITPOINT WARNING * * *
There is a stone staircase leading up here.
The ogre hits you with a +0 giant club!
You die...

## .# .# .# .#
######.#
#####..O@..#
#..........#
...###.####.#
######.####...
...........#5.##
#.$.######.#..#
.. #..# K.#


You could see an ogre.

Vanquished Creatures
  Natasha (thrice) (D:2)
  Terence (D:2)
  A gnoll (D:1)
  An adder (D:2)
  An ooze (D:3)
  A worm (D:2)
  5 dart slugs
  6 orcs (D:3)
  3 giant cockroaches
  4 goblins
  6 hobgoblins
  2 quokkas
  9 bats
  6 frilled lizards
  7 kobolds
  7 rats
63 creatures vanquished.

Notes
Turn   | Place    | Note
-------+----------+-------------------------------------------
     0 | D:1      | sking99 the Vampire Brigand began the quest for the Orb.
     0 | D:1      | Reached XP level 1. HP: 16/16 MP: 1/1
   269 | D:1      | Reached XP level 2. HP: 22/22 MP: 2/2
   713 | D:1      | Reached XP level 3. HP: 11/27 MP: 3/3
  1567 | D:2      | Noticed Terence
  1606 | D:2      | Killed Terence
  1607 | D:2      | Reached XP level 4. HP: 23/34 MP: 4/4
  1675 | D:2      | Noticed Natasha
  1678 | D:2      | Killed Natasha
  2104 | D:2      | Noticed Natasha
  2119 | D:2      | Killed Natasha
  2120 | D:2      | Reached XP level 5. HP: 21/40 MP: 5/5
  2191 | D:2      | Noticed Natasha
  2201 | D:2      | Killed Natasha
  3346 | D:4      | Noticed Pikel
  3346 | D:4      | Noticed a lemure
  3351 | D:4      | Noticed an ogre
  3361 | D:4      | Slain by an ogre

Illustrated notes

Levels and vault maps discovered:
D:1:      lightli_arrival_maybe_door_vault, layout_loops_cross,
          hangedman_glass_teeth, minmay_octomino_c4
D:2:      layout_basic, hangedman_feature_mirror, uniq_natasha, uniq_terence
D:3:      layout_loops_corners, nicolae_overflow_hidden_temple
D:4:      layout_loops_ring, elyvilon_altar_1, minmay_ruined_shrine,
          uniq_crazy_yiuf_cottage, uniq_pikel

Skill      XL: |  1  2  3  4  5 |
---------------+----------------+-----
Fighting       | 2 3 |  3.0
Short Blades   | 3 4 |  4.7
Throwing       | 2 |  2.6
Dodging        | |  1.1
Stealth        | |  5.8

Action                   |  1- 3 |  4- 6 || total
-------------------------+-------+-------++-------
Melee: Dagger            |   118 |    89 ||   207
       Bite              |     5 |     7 ||    12
Throw: Dart              |     7 |       ||     7
  Use: Scroll            |       |     7 ||     7
 Stab: Sleeping          |    10 |     7 ||    17
Armor: Robe              |    33 |     9 ||    42
       Scale mail        |       |    15 ||    15
Dodge: Dodged            |    83 |    27 ||   110
